 Dungeon Crawl Stone Soup version 0.28.0-49-g6dfe1f597d (webtiles) character file.

Game seed: 1862086815900646739

583 Zeld the Chiller (level 7, 0/50 HPs)
             Began as a Ghoul Ice Elementalist on May 12, 2022.
             Slain by a hound (1 damage)
             ... on level 5 of the Dungeon.
             The game lasted 00:12:53 (6987 turns).

Zeld the Chiller (Ghoul Ice Elementalist)           Turns: 6987, Time: 00:12:53

Health: 0/50       AC:  2    Str: 12    XL:     7   Next: 37%
Magic:  0/12       EV: 12    Int: 12    God:
Gold:   228        SH:  0    Dex:  9    Spells: 3/14 levels left

rFire   + . .      SeeInvis .   (no weapon)
rCold   + + .      Faith    .   (no shield)
rNeg    + + +      Spirit   .   a - +0 robe
rPois   ∞          Reflect  .   (no helmet)
rElec   .          Harm     .   e - scarf {rC+ rF+}
rCorr   .          Rampage  .   (no gloves)
Will    .....                   (no boots)
Stlth   ++........              (no amulet)
HPRegen 0.00/turn               (no ring)
MPRegen 0.13/turn               (no ring)

@: freezing walls, inhibited regen
A: claws 1, cold resistance 1, negative energy resistance 3, inhibited
regeneration, torment resistance 2
a: no special abilities


You were on level 5 of the Dungeon.
You visited 1 branch of the dungeon, and saw 5 of its levels.

You collected 228 gold pieces.

Inventory:

Armour
 a - a +0 robe (worn)
 e - a scarf of resistance (worn)
Jewellery
 f - a ring of protection from cold
 r - a +4 ring of protection
Scrolls
 b - 3 scrolls of noise {unknown}
 c - 2 scrolls of fog {unknown}
 h - 2 scrolls of magic mapping {unknown}
 i - 3 scrolls of teleportation {unknown}
 l - 4 scrolls of identify {unknown}
 n - a scroll of vulnerability {unknown}
 s - a scroll of brand weapon {unknown}
 t - a scroll of enchant weapon {unknown}
Potions
 d - a potion of flight {unknown}
 g - a potion of berserk rage {unknown}
 j - a potion of invisibility {unknown}
 k - a potion of attraction {unknown}
 m - 2 potions of curing {unknown}
 o - a potion of ambrosia {unknown}
 p - a potion of degeneration {unknown}
 q - a potion of lignification {unknown}


   Skills:
 + Level 3.5 Dodging
 - Level 2.1 Stealth
 * Level 4.4 Spellcasting
 * Level 6.8 Ice Magic


You had 3 spell levels left.
You knew the following spells:

 Your Spells              Type           Power      Damage    Failure   Level
a - Freeze                Ice            76%        1d9       1%          1
b - Frozen Ramparts       Ice            38%        1d5       3%          3
c - Ozocubu's Armour      Ice            19%        N/A       3%          3
d - Hailstorm             Conj/Ice       10%        3d5       45%         4

Your spell library contained the following spells:

 Spells                   Type           Power      Damage    Failure   Level
 Corpse Rot               Necr/Air       4%         N/A       32%         2
 Poisonous Vapours        Pois/Air       4%         N/A       32%         2
 Gell's Gravitas          Tloc           2%         N/A       54%         3
 Teleport Other           Tloc           2%         N/A       54%         3
 Dispersal                Tloc           1%         N/A       100%        6


Dungeon Overview and Level Annotations

Branches:
Dungeon (5/15)
 Temple: D:4-7

Altars:
Elyvilon

Annotations:
D:4 Menkaure
D:5 Prince Ribbit


Innate Abilities, Weirdness & Mutations

You thrive by killing the living.
You are immune to poison.
You have sharp fingernails.
Your flesh is cold resistant. (rC+)
You are immune to negative energy. (rN+++)
You do not regenerate when monsters are visible.
You are immune to unholy pain and torment.


Message History

Your frozen ramparts will break if you move.
Continue?
The frozen ramparts melt away as you move.
The necrophage barely misses you.
A hound comes into view.
The necrophage hits you.
Found a whip.
The hound barks!
The adder closely misses you. The necrophage hits you!
The adder bites you but does no damage. The adder bites you but does no damage.
The iguana hisses menacingly.
The adder barely misses you. The bullfrog skeleton hits you.
* * * LOW HITPOINT WARNING * * *
Your magical contamination has completely faded away.
The hound closely misses you. The hound bites you.
* * * LOW HITPOINT WARNING * * *
The bullfrog skeleton barely misses you.
The adder misses you. The hound misses you. The hound bites you.
* * * LOW HITPOINT WARNING * * *
Casting: Hailstorm (quite dangerous; 45% risk of failure)
Confirm with . or Enter, or press ? or * to list all spells.
Casting: Frozen Ramparts (dangerous; 3% risk of failure)
Press: ? - help, Dir - look around, f - activate The walls around you are covered in ice.
The wall freezes the adder.
The adder seems to slow down.
The wall freezes the hound.
The hound bites you.
* * * LOW HITPOINT WARNING * * *
The bullfrog skeleton completely resists.
The wall freezes the bullfrog skeleton but does no damage.
The wall freezes the adder.
Casting: Frozen Ramparts (dangerous; 3% risk of failure)
Confirm with . or Enter, or press ? or * to list all spells.
You don't have enough magic to cast this spell.
You barely miss the hound.
The hound is lightly wounded.
The wall freezes the hound.
The hound bites you.
You die...

..#.# ... #...#..# ##
#####.!##.##...
###..)..........#
....###.#.#....#
............####
........#.#Z#
..........#.#######
............#ZSh@.#
#>.........nl.###.#
...........>### ...
............# #...#
............######.#.#
...^..................#
.#####.#............#...
.[##.....###........# ##
#.......)[..........#


You could see a necrophage, an iguana, a hound, an adder (slow) and a bullfrog
skeleton.

Vanquished Creatures
  A sky beast (D:5)
  A water moccasin zombie (D:5)
  A jelly (D:4)
  An orc priest (D:5)
  4 hounds
  A centaur skeleton (D:4)
  An orc wizard (D:5)
  6 adders
  3 gnolls
  An adder skeleton (D:4)
  4 worms
  2 dart slugs (D:1)
  8 orcs
  6 bats
  11 endoplasms
  2 giant cockroaches
  8 goblins
  6 hobgoblins
  3 jackals (D:4)
  2 quokkas
  7 ball pythons
  13 frilled lizards
  4 kobolds
  8 rats
104 creatures vanquished.

Notes
Turn   | Place    | Note
-------+----------+-------------------------------------------
     0 | D:1      | Zeld the Ghoul Ice Elementalist began the quest for the
                  | Orb.
     0 | D:1      | Reached XP level 1. HP: 14/14 MP: 2/2
   267 | D:1      | Reached XP level 2. HP: 20/20 MP: 2/4
   665 | D:1      | Found a faded altar of an unknown god.
   972 | D:1      | Reached XP level 3. HP: 26/26 MP: 5/5
   976 | D:1      | Learned a level 3 spell: Frozen Ramparts
  2004 | D:2      | Reached skill level 5 in Ice Magic
  2462 | D:2      | Learned a level 3 spell: Ozocubu's Armour
  2615 | D:2      | Reached XP level 4. HP: 27/33 MP: 2/6
  3534 | D:3      | Reached XP level 5. HP: 34/38 MP: 1/8
  4418 | D:4      | Noticed Menkaure
  4769 | D:4      | Reached XP level 6. HP: 38/45 MP: 6/10
  4782 | D:4      | Reached skill level 6 in Ice Magic
  5550 | D:4      | Learned a level 4 spell: Hailstorm
  5884 | D:5      | Entered Level 5 of the Dungeon
  6854 | D:5      | Reached XP level 7. HP: 47/50 MP: 12/12
  6951 | D:5      | Noticed Prince Ribbit
  6986 | D:5      | HP: 1/50 [hound (5)]
  6987 | D:5      | Slain by a hound

Illustrated notes

Levels and vault maps discovered:
D:1:      giann_wishing_wells, layout_loops_corners,
          chequers_ecumenical_altar_simple_redux
D:2:      minmay_chambers_of_twos, layout_basic, basic_altar
D:3:      layout_loops_ring
D:4:      layout_basic, uniq_menkaure
D:5:      layout_rooms, minmay_ruined_shrine, uniq_blork_the_orc,
          uniq_prince_ribbit1

Skill      XL: |  1  2  3  4  5  6 |
---------------+-------------------+-----
Spellcasting   | 2 3 4 |  4.4
Dodging        | 2 3 |  3.5
Ice Magic      | 5 6 |  6.8
Stealth        | |  2.1

Action                   |  1- 3 |  4- 6 |  7- 9 || total
-------------------------+-------+-------+-------++-------
Melee: Unarmed           |    54 |    67 |     5 ||   126
       Punch             |     1 |     1 |       ||     2
 Cast: Freeze            |    61 |    62 |     4 ||   127
       Frozen Ramparts   |     1 |    12 |     3 ||    16
       Hailstorm         |       |       |     1 ||     1
 Stab: Sleeping          |     5 |     1 |       ||     6
Armor: Robe              |    17 |    33 |     4 ||    54
Dodge: Dodged            |    55 |   118 |    15 ||   188
